 Dungeon Crawl Stone Soup version 0.22-a0-558-gc224181 (webtiles) character file.

50 iamserjio the Chopper (level 3, 0/31 HPs)
             Began as a Minotaur Skald on June 27, 2018.
             Slain by a gnoll
             ... wielding a +0 spear
              (6 damage)
             ... on level 2 of the Dungeon.
             The game lasted 00:01:20 (139 turns).

iamserjio the Chopper (Minotaur Skald)               Turns: 139, Time: 00:01:20

Health: 0/31       AC:  8    Str: 15    XL:     3   Next: 55%
Magic:  4/4        EV:  7    Int: 10    God:
Gold:   22         SH:  0    Dex: 10    Spells: 3/4 levels left

rFire    . . .     SeeInvis .   a - +0 hand axe
rCold    . . .     Gourm    .   (no shield)
rNeg     . . .     Faith    .   f - +0 chain mail
rPois    .         Spirit   .   (helmet restricted)
rElec    .         Reflect  .   (no cloak)
rCorr    .         Harm     .   (no gloves)
MR       .....                  (no boots)
Stlth    ..........             (no amulet)
HPRegen  0.10/turn              (no ring)
MPRegen  0.09/turn              (no ring)

@: no status effects
A: retaliatory headbutt, horns 2
a: no special abilities


You were on level 2 of the Dungeon.
You were not hungry.

You visited 1 branch of the dungeon, and saw 2 of its levels.

You collected 22 gold pieces.

Inventory:

Hand Weapons
 a - a +0 hand axe (weapon)
Armour
 b - a +0 leather armour
 f - a +0 chain mail (worn)
Potions
 c - a potion of brilliance {unknown}
 e - a potion of magic {unknown}
 g - a potion of flight {unknown}
Comestibles
 d - 2 rations


   Skills:
 + Level 3.2 Fighting
 * Level 3.8 Axes
 + Level 2.2 Armour
 - Level 2.1 Dodging
 - Level 1.3 Spellcasting
 - Level 2.0 Charms


You had 3 spell levels left.
You knew the following spells:

 Your Spells              Type           Power        Failure   Level  Hunger
a - Infusion              Chrm           #...         97%         1    ##.....

Your spell library contained the following spells:

 Spells                   Type           Power        Failure   Level  Hunger
 Regeneration             Chrm/Necr      #.........   100%        3    ####...
 Shroud of Golubria       Chrm/Tloc      #.........   100%        2    ###....
 Song of Slaying          Chrm           #.......     99%         2    ###....
 Spectral Weapon          Hex/Chrm       #.......     100%        3    ####...


Dungeon Overview and Level Annotations

Branches:
Dungeon (2/15)

Altars:


Innate Abilities, Weirdness & Mutations

You reflexively headbutt those who attack you in melee.
You have a pair of horns on your head.


Message History

You barely miss the goblin. The goblin hits you but does no damage.
The worm bites you but does no damage.
A gnoll comes into view. It is wielding a spear.
The gnoll shouts!
You hit the worm but do no damage. Your headbutt misses the worm.
You closely miss the goblin. The goblin barely misses you. The worm bites you.
You hit the worm.
The worm is moderately wounded.
You completely miss the goblin. The goblin hits you.
* * * LOW HITPOINT WARNING * * *
The gnoll hits you but does no damage. The goblin hits you.
* * * LOW HITPOINT WARNING * * *
You hit the worm but do no damage.
The worm is moderately wounded.
You hit the goblin. The gnoll barely misses you.
The worm bites you but does no damage. The goblin closely misses you.
You furiously retaliate!
You headbutt the goblin.
You kill the goblin!
The gnoll hits you with a spear.
You die...

. ##.....### ##.
#.........
#..##.......).
#.##.......... #...
###.##..<.......
.<.###...##..........
.##...........#........
.......#.#....##......#
#...... #@##.#########
....... ##g##...# ..#
.......##g.####.##...#
.........w#####......#
......†.......)......#
.#################...#
...# ..# ..#


You could see a worm and 2 gnolls.

Vanquished Creatures
  Terence (D:2)
  2 adders (D:2)
  A goblin (D:2)
  A hobgoblin (D:1)
  4 jackals (D:1)
  A bat (D:2)
  A kobold (D:1)
  2 rats (D:2)
13 creatures vanquished.

Notes
Turn   | Place    | Note
-------+----------+-------------------------------------------
     0 | D:1      | iamserjio the Minotaur Skald began the quest for the Orb.
     0 | D:1      | Reached XP level 1. HP: 18/18 MP: 1/1
    81 | D:2      | Noticed Terence
    83 | D:2      | Reached XP level 2. HP: 21/25 MP: 3/3
   110 | D:2      | Killed Terence
   110 | D:2      | Reached XP level 3. HP: 11/31 MP: 4/4
   139 | D:2      | Slain by a gnoll

Vault maps used:
D:1:      ldierk_walled_garden_2, minmay_hexomino_f4
D:2:      uniq_crazy_yiuf_cottage, uniq_terence

Skill      XL: |  1  2 |
---------------+-------+-----
Axes           | 3 |  3.8
Fighting       | 3 |  3.2
Armour         | 2 |  2.2
Dodging        | |  2.1
Spellcasting   | |  1.3
Charms         | |  2.0

Action                   || total
-------------------------++-------
Melee: Hand axe          ||    34
       Headbutt          ||     5
Armor: Leather armour    ||     7
       Chain mail        ||    22
Dodge: Dodged            ||    27

Table legend:
 A = Spawn XP
 B = Non-spawn XP
 C = Spawn XP percentage of total XP
 D = Spawn monster count
 E = Non-spawn monster count
 F = Spawn count percentage of total count
 G = Total turns spent on level
                    A         B        C        D         E        F      G
               +---------+---------+-------+---------+---------+-------+---------
         Total |       0 |      72 |   0.0 |       0 |      13 |   0.0 |   139
               +---------+---------+-------+---------+---------+-------+---------
           D:1 |       0 |      11 |   0.0 |       0 |       6 |   0.0 |    81
           D:2 |       0 |      61 |   0.0 |       0 |       7 |   0.0 |    58
               +---------+---------+-------+---------+---------+-------+---------
